 Dungeon Crawl Stone Soup version 0.30.1 (webtiles) character file.

Game seed: 8700550772295494410

284 cdecastro the Caller (level 6, -4/41 HPs)
             Began as a Merfolk Summoner on July 3, 2023.
             Killed by nerve-wracking pain
             ... invoked by Grinder
              (14 damage)
             ... on level 3 of the Dungeon.
             The game lasted 00:04:30 (2007 turns).

cdecastro the Caller (Merfolk Summoner)             Turns: 2007, Time: 00:04:31

Health: -4/41      AC:  2    Str:  8    XL:     6   Next: 29%
Magic:  1/9        EV: 12    Int: 16    God:
Gold:   50         SH:  0    Dex: 15    Spells: 0/9 levels left

rFire   . . .        e - +0 short sword (speed)
rCold   . . .        (no shield)
rNeg    . . .        a - +0 robe
rPois   .            (no helmet)
rElec   .            (no cloak)
rCorr   .            (no gloves)
SInv    .            (no boots)
Will    .....        (no amulet)
Stlth   ++           (no ring)
HPRegen 0.26/turn    (no ring)
MPRegen 0.11/turn

%: no passive effects
@: no status effects
A: (nimble swimmer 2), mertail
a: no special abilities


You were on level 3 of the Dungeon.
You visited 1 branch of the dungeon, and saw 3 of its levels.

You collected 50 gold pieces.

Inventory:

Hand Weapons
 e - a +0 short sword of speed (weapon)
Armour
 a - a +0 robe (worn)
Scrolls
 c - a scroll of teleportation {unknown}
 d - 4 scrolls of identify {unknown}
 f - 2 scrolls of poison {unknown}
 h - a scroll of magic mapping {unknown}
 l - a scroll of acquirement {unknown}
Potions
 b - a potion of magic
 g - 2 potions of mutation {unknown}
 i - a potion of attraction {unknown}
 j - a potion of curing {unknown}
 k - a potion of flight {unknown}


   Skills:
 * Level 0.3 Fighting
 - Level 2.6 Dodging
 - Level 2.1 Stealth
 - Level 2.0 Spellcasting
 + Level 7.3 Summonings


You couldn't memorise any spells.
You knew the following spells:

 Your Spells              Type           Power      Damage    Failure   Level
a - Summon Small Mammal   Summ           100%       N/A       1%          1
b - Call Imp              Summ           50%        N/A       1%          2
c - Call Canine Familiar  Summ           25%        N/A       3%          3
d - Summon Guardian Gole  Hex/Summ       13%        N/A       14%         3

Your spell library contained the following spells:

 Spells                   Type           Power      Damage    Failure   Level
 Summon Lightning Spire   Summ/Air       13%        N/A       41%         4


Dungeon Overview and Level Annotations

Branches:
Dungeon (3/15)

Altars:

Annotations:
D:2 1 runed translucent door, Crazy Yiuf
D:3 Grinder


Innate Abilities, Weirdness & Mutations

((You are very nimble when in or above water. (Stealth+, EV+, Speed+++)))
Your lower body shifts to a powerful aquatic tail in water.


Message History

Unknown command.
Your hound bites Grinder but does no damage.
Grinder hits your hound!
Your hound dies!
Your hound's corpse disappears in a puff of smoke!
Grinder shouts!
Unknown command.
Unknown command.
Casting: Summon Guardian Golem (dangerous; 14% risk of failure)
Confirm with . or Enter, or press ? or * to list all spells.
Grinder closely misses you.
Unknown command.
You hit Grinder but do no damage.
Grinder is severely wounded.
Grinder rolls her eyes.
Grinder hits you.
You writhe in agony.
Your hound barely misses Grinder.
Unknown command.
You hit Grinder but do no damage.
Grinder is severely wounded.
Grinder barely misses you.
Unknown command.
You hit Grinder but do no damage.
Grinder is severely wounded.
Your hound barely misses Grinder.
Unknown command.
You barely miss Grinder.
Grinder is severely wounded.
Your hound bites Grinder.
Grinder hits you!
You writhe in agony.
* * * LOW HITPOINT WARNING * * *
Unknown command.
Your hound barely misses Grinder.
Grinder gestures at you. Pain shoots through your body!
* * * LOW HITPOINT WARNING * * *
Your hound barely misses Grinder.
Unknown command.
Your hound barely misses Grinder.
Grinder gestures at you. Pain shoots through your body!
You die...

#5# ###...### .. #.# #...#
...# #.#### ##.##
.....#....########.######
...............#..........
......##..........#...(...
#...## ##.#.##.#..####.###
#.. #.###.#.#..#....... ##
##@#.##............
##.h####..#.##....
#.5####..........
#.9............#.
#.#####........#. #)#
#........#. ####.###
#.......... #......#
#.......##> #......#
#.......##.


You could see Grinder (ally target), a friendly guardian golem (summoned) and a
friendly hound (summoned, sheltered).

Vanquished Creatures
  2 adders (D:2)
  A dart slug (D:1)
  An orc (D:3)
  A ball python (D:2)
  4 bats
  4 endoplasms
  3 goblins
  3 hobgoblins
  A jackal (D:3)
  2 quokkas (D:1)
  3 frilled lizards
  3 kobolds
  2 rats
30 creatures vanquished.

Vanquished Creatures (collateral kills)
  Sigmund (D:3)
  Jessica (D:2)
  An adder (D:2)
  A dart slug (D:2)
  An endoplasm (D:3)
  2 giant cockroaches (D:1)
  2 hobgoblins
  A jackal (D:3)
  A quokka (D:2)
  A kobold (D:2)
  2 rats
14 creatures vanquished.

Grand Total: 44 creatures vanquished

Notes
Turn   | Place    | Note
-------+----------+-------------------------------------------
     0 | D:1      | cdecastro the Merfolk Summoner began the quest for the Orb.
     0 | D:1      | Reached XP level 1. HP: 13/13 MP: 3/3
   113 | D:1      | Found a faded altar of an unknown god.
   261 | D:1      | Reached XP level 2. HP: 18/19 MP: 5/5
   812 | D:1      | Learned a level 2 spell: Call Imp
   839 | D:2      | Reached skill level 5 in Summonings
   839 | D:2      | Reached XP level 3. HP: 20/24 MP: 3/6
   843 | D:2      | Learned a level 3 spell: Call Canine Familiar
  1095 | D:2      | Found a runed translucent door.
  1096 | D:2      | Noticed Crazy Yiuf
  1184 | D:2      | Noticed Jessica
  1201 | D:2      | Killed Jessica
  1202 | D:2      | Reached XP level 4. HP: 23/30 MP: 3/7
  1607 | D:3      | Noticed Sigmund
  1705 | D:3      | Killed Sigmund
  1706 | D:3      | Reached skill level 7 in Summonings
  1706 | D:3      | Reached XP level 5. HP: 21/35 MP: 1/8
  1706 | D:3      | Reached XP level 6. HP: 24/41 MP: 1/9
  1710 | D:3      | Learned a level 3 spell: Summon Guardian Golem
  1867 | D:3      | Noticed Grinder
  2007 | D:3      | Killed from afar by Grinder

Illustrated notes

Levels and vault maps discovered:
D:1:      tarquinn_simple_flora_water_a, layout_loops_ring,
          ebering_ecumenical_altar_box
D:2:      layout_rooms, uniq_jessica, uniq_crazy_yiuf_cottage
D:3:      layout_loops_cross, hellmonk_okawaru_the_only_friend_you_need,
          uniq_grinder, uniq_sigmund, uniq_natasha

Skill      XL: |  1  2  3  4 |
---------------+-------------+-----
Summonings     | 5 7 |  7.3
Fighting       | |  0.3
Dodging        | |  2.6
Stealth        | |  2.1
Spellcasting   | |  2.0

Action                     |  1- 3 |  4- 6 || total
---------------------------+-------+-------++-------
  Melee: Short sword       |    61 |    63 ||   124
         Unarmed           |     6 |       ||     6
   Cast: Summon Small Mamm |    23 |       ||    23
         Call Imp          |     4 |     5 ||     9
         Call Canine Famil |       |     6 ||     6
         Summon Guardian G |       |     2 ||     2
   Stab: Sleeping          |     4 |     1 ||     5
         Distracted        |     1 |       ||     1
 Armour: Robe              |    12 |     4 ||    16
  Dodge: Dodged            |    25 |    39 ||    64
